 Dungeon Crawl Stone Soup version 0.29.0-4-gdea44cf6ec (webtiles) character file.

Game seed: 14976756266872582771

21 qw the Firebug (level 2, -1/23 HPs)
             Began as a Ghoul Fire Elementalist on Aug 29, 2022.
             Slain by a gnoll
             ... wielding a +0 spear
              (4 damage)
             ... on level 2 of the Dungeon.
             The game lasted 00:01:05 (1584 turns).

qw the Firebug (Ghoul Fire Elementalist)            Turns: 1584, Time: 00:01:05

Health: -1/23      AC:  5    Str: 11    XL:     2   Next: 83%
Magic:  3/3        EV: 10    Int: 10    God:
Gold:   82         SH:  0    Dex:  9    Spells: 3/4 levels left

rFire   . . .      SeeInvis .     - Unarmed
rCold   + . .      Faith    .   (no shield)
rNeg    + + +      Spirit   .   k - +0 ring mail
rPois   inf        Reflect  .   (no helmet)
rElec   .          Harm     .   (no cloak)
rCorr   .          Rampage  .   (no gloves)
Will    .....                   (no boots)
Stlth   +.........              (no amulet)
HPRegen 0.00/turn               (no ring)
MPRegen 0.08/turn               (no ring)

@: inhibited regen
A: claws 1, cold resistance 1, negative energy resistance 3, inhibited
regeneration, torment resistance 2, devour on kill
a: no special abilities


You were on level 2 of the Dungeon.
You visited 1 branch of the dungeon, and saw 2 of its levels.

You collected 82 gold pieces.


Innate Abilities, Weirdness & Mutations

You are immune to poison.
You have sharp fingernails.
Your flesh is cold resistant. (rC+)
You are immune to negative energy. (rN+++)
You do not regenerate when monsters are visible.
You are immune to unholy pain and torment.
You thrive by killing the living.


   Skills:
 - Level 1.1 Fighting
 - Level 1.7 Dodging
 - Level 2.1 Stealth
 + Level 2.1 Unarmed Combat
 - Level 1.7 Spellcasting
 - Level 0.7 Conjurations
 - Level 2.4 Fire Magic


You had 3 spell levels left.
You knew the following spells:

 Your Spells              Type           Power      Damage    Failure   Level
a - Foxfire               Conj/Fire      16%        2x1d4     38%         1

Your spell library contained the following spells:

 Spells                   Type           Power      Damage    Failure   Level
 Scorch                   Fire           10%        2d6       41%         2
 Conjure Flame            Conj/Fire      4%         6-21      77%         3
 Inner Flame              Hex/Fire       3%         N/A       82%         3
 Flame Wave               Conj/Fire      4%         2d5       99%         4

Inventory:

Armour
 k - a +0 ring mail (worn)
Scrolls
 a - a scroll of magic mapping {unknown}
 j - a scroll of identify
Potions
 d - a potion of curing {unknown}
 f - a potion of flight {unknown}
 h - a potion of cancellation {unknown}
 i - a potion of might

Dungeon Overview and Level Annotations

Branches:
Dungeon (2/15)

Altars:

Shops:
D:1 (?


Message History

A gnoll comes into view. It is wielding a +0 whip of pain.
The gnoll shouts!
Enter note:
Enter note: A gnoll comes into view. It is wielding a +0 flail.
The gnoll shouts!
The kobold shouts!
A hobgoblin comes into view.
The gnoll barely misses you.
The gnoll moves out of view.
You scratch the gnoll but do no damage. You closely miss the gnoll.
A gnoll comes into view. It is wielding a +0 spear.
The gnoll barely misses you.
You barely miss the gnoll.
The gnoll shouts!
The gnoll hits you with a +0 spear.
1576 ||| Stepping ~*~*~tactically~*~*~ (outnumbered).
The gnoll hits you but does no damage.
You barely miss the gnoll.
The gnoll hits you from afar with a +0 spear.
The gnoll barely misses you.
You scratch the gnoll but do no damage. The gnoll closely misses you. x2
You barely miss the gnoll. The gnoll closely misses you.
You scratch the gnoll but do no damage.
The gnoll hits you from afar with a +0 spear.
You barely miss the gnoll. The gnoll barely misses you.
The gnoll hits you from afar with a +0 spear.
You scratch the gnoll.
The gnoll is lightly wounded.
The gnoll hits you from afar with a +0 spear!
The gnoll completely misses you.
You scratch the gnoll.
The gnoll is severely wounded.
The gnoll barely misses you. The gnoll closely misses you.
You barely miss the gnoll.
The gnoll is severely wounded.
The gnoll hits you from afar with a +0 spear.
You die...

#.# #.# #.# #.# .
#.####.# .. #.#....##
..g #.#.....# ....
#.####..## ....K
#........#######
.....K###......##....#
.....ggg@.........##.#
......g##......##.##.#
# .......
#########.##.# #
....... ############.#
# .......
.............# #
.......
..........#######
.......
..........#..)..#
.......
..#######.#.###.#
.............>..


You could see 3 gnolls, a hobgoblin and a kobold.

Vanquished Creatures
  2 endoplasms
  3 goblins (D:1)
  2 hobgoblins (D:1)
  A quokka (D:1)
  A ball python (D:1)
  7 bats (D:1)
  A kobold (D:1)
  2 rats (D:1)
19 creatures vanquished.

Notes
Turn   | Place    | Note
-------+----------+-------------------------------------------
     0 | D:1      | qw the Ghoul Fire Elementalist began the quest for the Orb.
     0 | D:1      | Reached XP level 1. HP: 14/14 MP: 2/2
     0 | D:1      | 0 ||| qw: Version: 0.1-a-90-g952f4b7
     0 | D:1      | 0 ||| qw: Game counter: 4237
     0 | D:1      | 0 ||| qw: Always use a shield: true
     0 | D:1      | 0 ||| qw: God list: Okawaru
     0 | D:1      | 0 ||| qw: Allow faded altars: false
     0 | D:1      | 0 ||| qw: Do Orc after D:15 true
     0 | D:1      | 0 ||| qw: Do second Lair branch before Depths: true
     0 | D:1      | 0 ||| qw: Lair rune preference: random
     0 | D:1      | 0 ||| qw: Plans: Normal
     0 | D:1      | 0 ||| PLANNING D:1-11
    53 | D:1      | HP: 1/14 [quokka (4)]
   470 | D:1      | Found Aturoe's Magic Scroll Boutique.
   479 | D:1      | 479 ||| SHOPLISTING scroll of enchant armour (75 gold, have
                  | 0).
   479 | D:1      | 479 ||| SHOPLISTING scroll of enchant weapon (75 gold, have
                  | 0).
   479 | D:1      | 479 ||| SHOPLISTING scroll of identify (20 gold, have 0).
   495 | D:1      | Found Vefaroma's Weapon Shop.
   521 | D:1      | Reached skill level 1 in Unarmed Combat
   551 | D:1      | Reached XP level 2. HP: 22/22 MP: 3/3
   615 | D:1      | Reached skill level 1 in Fighting
   856 | D:1      | Found a faded altar of an unknown god.
  1297 | D:1      | 1297 ||| UPGRADING to +0 leather armour.
  1307 | D:1      | 1307 ||| DROPPING +0 robe.
  1308 | D:1      | 1308 ||| UPGRADING to +0 ring mail.
  1318 | D:1      | 1318 ||| DROPPING +0 leather armour.
  1319 | D:1      | 1319 ||| READING scroll labelled NIAJOIS NYGGIM.
  1320 | D:1      | 1320 ||| READING 2 scrolls labelled MIFINW JUIN.
  1321 | D:1      | 1321 ||| READING scroll labelled SUH NUSTRAYR.
  1322 | D:1      | 1322 ||| READING scroll labelled DOARAS BEMI.
  1323 | D:1      | 1323 ||| READING scroll labelled XUOFFECEOH.
  1424 | D:1      | 1424 ||| READING scroll labelled RYCIUSHREIR.
  1425 | D:1      | 1425 ||| DRINKING 2 white potions.
  1426 | D:1      | 1426 ||| DROPPING potion of magic.
  1576 | D:2      | 1576 ||| Stepping ~*~*~tactically~*~*~ (outnumbered).
  1582 | D:2      | HP: 3/23 [gnoll/+0 spear (7)]
  1584 | D:2      | Slain by a gnoll

Levels and vault maps discovered:
D:1:      minmay_arrival_floating_metal, layout_basic, serial_shops, shop,
          nicolae_square_shop, basic_ecumenical_altar
D:2:      layout_basic, nicolae_kite_square_tiling_tiny, uniq_sigmund,
          uniq_robin

Skill      XL: |  1  2 |
---------------+-------+-----
Unarmed Combat | 1 2 |  2.1
Fighting       | 1 |  1.1
Dodging        | |  1.7
Stealth        | |  2.1
Spellcasting   | |  1.7
Conjurations   | |  0.7
Fire Magic     | |  2.4

Action                   || total
-------------------------++-------
Melee: Unarmed           ||    86
       Punch             ||     1
  Use: Scroll            ||     6
       Potion            ||     1
Armor: Robe              ||    20
       Ring mail         ||     1
Dodge: Dodged            ||    69

Table legend:
 A = Non-vault XP
 B = Vault XP
 C = Vault XP percentage of total XP
 D = Non-vault monster count
 E = Vault monster count
 F = Vault count percentage of total count
                 A         B        C        D         E       F
            +---------+---------+-------+---------+---------+-------
      Total |      30 |       0 |   0.0 |      19 |       0 |   0.0
            +---------+---------+-------+---------+---------+-------
        D:1 |      28 |       0 |   0.0 |      18 |       0 |   0.0
        D:2 |       2 |       0 |   0.0 |       1 |       0 |   0.0
            +---------+---------+-------+---------+---------+-------
